AoeStats
← mathdevils

Baltic

510423194Analyzed
2v2 RM · 20h ago on Sep 30, 2026· 75m 31s· 4 players
Game mode
Random Map
Map size
Medium (4 player)
Population
200
Speed
Normal
Resources
Standard
Victory
Conquest
Starting age
Dark Age
Ending age
Imperial Age
RankedLock teamsTeams togetherTeam positionsShared explorationLock speedFull tech treeHidden civsTurbo modeCheats
Victory
Defeat
🇨🇦 Burgundians · Canada
808
+18
🇨🇦 Franks · Canada
791
+19
🇨🇱 Byzantines · Chile
854
-18
🇨🇱 Portuguese · Chile
854
-19
Undead
3:35 Loom
11:54 Feudal Age
13:10 Double-Bit Axe
15:50 Horse Collar
23:09 Castle Age
22:48 Forging
22:29 Fletching
22:46 Scale Barding Armor
22:41 Scale Mail Armor
24:15 Bow Saw
24:08 Heavy Plow
24:00 Pikeman
24:53 Gold Mining
24:54 Stone Mining
28:38 Husbandry
28:05 Elite Skirmisher
30:33 Fishing Lines
31:05 Medium Warships
32:43 Chain Barding Armor
32:59 Iron Casting
36:58 Imperial Age
36:23 Chain Mail Armor
36:09 Padded Archer Armor
36:04 Bodkin Arrow
37:04 Wheelbarrow
36:49 Gillnets
38:57 Crop Rotation
39:33 Two-Man Saw
38:56 Heavy Camel Rider
41:51 Logistica
41:28 Halberdier
44:46 Stone Shaft Mining
44:57 Gold Shaft Mining
47:01 Elite Cataphract
51:58 Plate Barding Armor
51:55 Plate Mail Armor
64:38 Hand Cart
65:55 Leather Archer Armor
65:41 Bracer
javiep
5:03 Loom
11:02 Feudal Age
11:41 Double-Bit Axe
18:11 Forging
21:06 Castle Age
20:25 Scale Barding Armor
20:34 Horse Collar
21:30 Bloodlines
22:26 Iron Casting
22:54 Bow Saw
23:44 Medium Warships
25:00 Husbandry
26:56 Chain Barding Armor
33:10 Imperial Age
31:23 Clinker Construction
31:54 Careening
33:19 Cavalier
35:05 Blast Furnace
34:12 Heavy Plow
34:48 Heavy Warships
34:58 Gold Mining
36:43 Chemistry
36:16 Ballistics
35:48 Pikeman
37:41 Crop Rotation
37:49 Scale Mail Armor
39:04 Chain Mail Armor
39:25 Plate Barding Armor
39:12 Dry Dock
39:04 Halberdier
42:15 Gambesons
42:16 Arson
43:03 Plate Mail Armor
42:45 Treadmill Crane
44:33 Caravan
45:18 Conscription
46:48 Two-Man Saw
46:33 Stone Mining
49:17 Light Cavalry
61:35 Murder Holes
66:37 Wheelbarrow
65:49 Town Watch
68:03 Hand Cart
67:49 Town Patrol
69:15 Arquebus
69:22 Circumnavigation
69:51 Elite Organ Gun
mathdevils
0:29 Loom
12:29 Feudal Age
13:57 Fishing Lines
15:50 Double-Bit Axe
16:00 Gold Mining
16:00 Stone Mining
17:39 Stone Mining
27:16 Castle Age
27:40 Forging
27:31 Scale Mail Armor
27:36 Scale Barding Armor
28:33 Bow Saw
29:47 Gold Shaft Mining
29:32 Squires
30:52 Husbandry
39:39 Imperial Age
38:17 Iron Casting
38:07 Ballistics
37:31 Treadmill Crane
38:33 Coinage
38:11 Caravan
39:33 Chain Mail Armor
39:38 Chain Barding Armor
41:29 Chemistry
41:34 Banking
40:41 Cavalier
42:26 Conscription
43:40 Wheelbarrow
43:42 Murder Holes
43:57 Fortified Wall
44:55 Paladin
45:33 Pikeman
46:59 Arson
49:20 Halberdier
66:21 Hand Cart
66:52 Chivalry
72:18 Capped Ram
mouche Qc
13:47 Feudal Age
14:43 Double-Bit Axe
14:58 Horse Collar
21:15 Castle Age
20:05 Bow Saw
20:42 Forging
20:38 Scale Barding Armor
23:13 Husbandry
22:34 Cavalier
25:20 Iron Casting
32:30 Caravan
32:23 Fletching
33:15 Heavy Plow
33:54 Wheelbarrow
33:57 Burgundian Vineyards
35:49 Chain Barding Armor
35:25 Bodkin Arrow
35:48 Hand Cart
36:29 Pikeman
37:10 Squires
38:56 Two-Man Saw
38:38 Scale Mail Armor
41:28 Imperial Age
41:36 Crop Rotation
43:13 Blast Furnace
42:49 Plate Barding Armor
41:39 Paladin
44:38 Conscription
45:19 Bracer
46:47 Padded Archer Armor
47:32 Elite Skirmisher
63:51 Leather Archer Armor
63:13 Halberdier
65:16 Ballistics
Connection lost

Rejoining the realm…

Still unreachable

The connection could not be restored.

Session expired

The server has moved on; the page needs a fresh start.